AoeStats
← 17_Neo_

Arabia

504470169Analyzed
1v1 RM · 27d ago on Sep 5, 2026· 32m 53s· 2 players
Game mode
Random Map
Map size
Tiny (2 player)
Population
200
Speed
Normal
Resources
Standard
Victory
Conquest
Starting age
Dark Age
Ending age
Imperial Age
RankedLock teamsTeams togetherTeam positionsShared explorationLock speedFull tech treeHidden civsTurbo modeCheats
Victory
Defeat
1887
+10
🇨🇴 Maya · Colombia
1741
-10
17_Neo_
0:26 Loom
9:14 Feudal Age
14:00 Double-Bit Axe
13:59 Horse Collar
15:39 Wheelbarrow
15:23 Fletching
17:14 Scale Mail Armor
23:55 Castle Age
22:26 Gold Mining
24:14 Forging
24:00 Eagle Warrior
25:11 Squires
25:37 Pikeman
29:50 Iron Casting
31:39 Chain Mail Armor
枪之寒赫卷残云
7:58 Feudal Age
6:15 Loom
8:39 Double-Bit Axe
15:00 Fletching
15:29 Padded Archer Armor
17:48 Horse Collar
23:33 Castle Age
21:50 Gold Mining
22:35 Bloodlines
22:44 Scale Barding Armor
23:16 Forging
24:27 Husbandry
24:45 Bow Saw
24:36 Heavy Plow
27:16 Chain Barding Armor
29:29 Wheelbarrow
30:39 Iron Casting
31:20 Devotion
31:07 Town Watch
Connection lost

Rejoining the realm…

Still unreachable

The connection could not be restored.

Session expired

The server has moved on; the page needs a fresh start.